 Dungeon Crawl Stone Soup version 0.28-a0-883-gc8d7bad45d (webtiles) character file.

Game seed: 8091286498581277226

3276 funkygono the Magician (level 10, -7/51 HPs)
             Began as a Gargoyle Fire Elementalist on Nov 19, 2021.
             Was a Priest of Kikubaaqudgha.
             Mangled by a death yak (19 damage)
             ... on level 8 of the Dungeon on Nov 21, 2021.
             The game lasted 00:16:33 (9069 turns).

funkygono the Magician (Gargoyle Fire Elementalist) Turns: 9069, Time: 00:16:34

Health: -7/51      AC: 11    Str: 11    XL:     10   Next: 0%
Magic:  12/21      EV: 16    Int: 26    God:    Kikubaaqudgha [***...]
Gold:   274        SH:  0    Dex: 10    Spells: 14/24 levels left

rFire   . . .      SeeInvis .   p - +1 mace (venom)
rCold   . . .      Faith    .   (no shield)
rNeg    + . .      Spirit   .   a - +0 robe
rPois   ∞          Reflect  .   (no helmet)
rElec   +          Harm     .   (no cloak)
rCorr   .          Rampage  .   (no gloves)
Will    .....                   o - +1 pair of boots
Stlth   ++........              e - amulet of regeneration
HPRegen 1.17/turn               d - +4 ring of evasion
MPRegen 0.17/turn               u - +6 ring of intelligence

@: no status effects
A: sickness immunity, AC +7, negative energy resistance 1, electricity
resistance, torment resistance 1, petrification resistance
a: Renounce Religion, Receive Corpses


You were on level 8 of the Dungeon.
You worshipped Kikubaaqudgha.
Kikubaaqudgha was most pleased with you.
You visited 1 branch of the dungeon, and saw 8 of its levels.

You collected 274 gold pieces.

Inventory:

Hand Weapons
 n - a +1 flail
 p - a +1 mace of venom (weapon)
Missiles
 b - 241 stones
Armour
 a - a +0 robe (worn)
 o - a +1 pair of boots (worn)
 q - a +0 troll leather armour
 t - the +5 pair of gloves of Anaesthesia {-Cast Fly rF- Str+8}
   (You found it on level 5 of the Dungeon)

   Str:       It affects your strength (+8).
   rF:        It makes you vulnerable to fire.
   Fly:       It grants you flight.
   -Cast:     It prevents spellcasting.
Magical Staves
 c - a staff of air
Jewellery
 d - a +4 ring of evasion (left hand)
 e - an amulet of regeneration (around neck)
 h - a ring of fire
 u - a +6 ring of intelligence (right hand)
Wands
 k - a wand of iceblast (7)
 s - a wand of flame (57)
Scrolls
 g - a scroll of vulnerability
 i - a scroll of teleportation
 w - 3 scrolls of amnesia
 x - a scroll of identify
Potions
 f - a potion of haste
 j - 6 potions of curing
 l - 2 potions of mutation
 m - 2 potions of flight
 r - a potion of degeneration {unknown}
 v - a potion of might {unknown}


   Skills:
 + Level 0.4 Fighting
 + Level 1.5 Maces & Flails
 + Level 2.3 Dodging
 + Level 3.3 Stealth
 * Level 7.7 Spellcasting
 * Level 5.7 Conjurations
 * Level 4.2 Necromancy
 * Level 7.5 Fire Magic
 + Level 2.3 Earth Magic


You had 14 spell levels left.
You knew the following spells:

 Your Spells              Type           Power      Damage    Failure   Level
a - Foxfire               Conj/Fire      100%       2x1d9     1%          1
b - Scorch                Fire           98%        2d9       1%          2
c - Sandblast             Erth           44%        2d11      2%          1
d - Animate Skeleton      Necr           64%        N/A       1%          1
e - Pain                  Necr           100%       1d9       1%          1
f - Flame Wave            Conj/Fire      44%        3d9       3%          4

Your spell library contained the following spells:

 Spells                   Type           Power      Damage    Failure   Level
 Conjure Flame            Conj/Fire      44%        6-21      1%          3
 Corpse Rot               Necr/Air       42%        N/A       3%          2
 Inner Flame              Hex/Fire       29%        N/A       3%          3
 Stone Arrow              Conj/Erth      62%        3d10      3%          3
 Vampiric Draining        Necr           32%        2d8       3%          3
 Passwall                 Tmut/Erth      13%        N/A       5%          2
 Ignite Poison            Fire/Tmut/Pois 23%        N/A       6%          3
 Mephitic Cloud           Conj/Pois/Air  19%        N/A       8%          3
 Animate Dead             Necr           16%        N/A       10%         4
 Dispel Undead            Necr           32%        3d14      10%         4
 Agony                    Necr           32%        N/A       28%         5
 Excruciating Wounds      Necr           16%        N/A       28%         5
 Freezing Cloud           Conj/Ice/Air   9%         6-21      58%         5
 Simulacrum               Ice/Necr       10%        N/A       98%         6


Dungeon Overview and Level Annotations

Branches:
Dungeon (8/15)             Temple (0/1) D:4
   Lair: D:8-11

Altars:
Cheibriados
Fedhas
Hepliaklqana
Kikubaaqudgha
Nemelex Xobeh
Yredelemnul

Annotations:
D:5 2 transporters, VictorG's ghost, novice TeSu
D:6 1 runed translucent door
D:8 exclusion: ice statue


Innate Abilities, Weirdness & Mutations

You are immune to sickness and miasma.
Your stone body is resilient. (AC +7)
You are immune to poison.
You resist negative energy. (rN+)
You are resistant to electric shocks. (rElec)
You are resistant to unholy torment.
You are immune to petrification.


Message History

The hell rat barely misses you. The hell rat barely misses you.
You hit the quokka.
The quokka is poisoned.
The quokka is almost dead.
You kill the quokka!
Kikubaaqudgha accepts your kill. The hell rat completely misses you.
The hell rat bites you! The rat bites you but does no damage.
The hell rat closely misses you. The death yak gores you!!
The rat closely misses you. The hell rat barely misses you.
You see here a quokka corpse.
Casting: Sandblast (safe; 2% risk of failure)
Confirm with . or Enter, or press ? or * to list all spells.
Casting: Flame Wave (dangerous; 3% risk of failure)
Press: ? - help, Dir - look around, f - activate A wave of flame ripples out!
The flame wave engulfs the death yak.
The death yak is lightly wounded.
The flame wave engulfs the rat!
You kill the rat!
Kikubaaqudgha accepts your kill.
The flame wave engulfs the hell rat.
The hell rat is moderately wounded.
The flame wave engulfs the death yak!
The death yak is lightly wounded. (Press . to intensify the flame waves.)
The hell rat barely misses you. The death yak misses you.
The death yak gores you!
* * * LOW HITPOINT WARNING * * *
The hell rat misses you.
A wave of flame ripples out!
The flame wave engulfs the death yak.
The death yak is lightly wounded.
The flame wave engulfs the hell rat!
The hell rat is severely wounded.
The flame wave engulfs the death yak!
The death yak is moderately wounded.
The flame wave engulfs the death yak!
The death yak is lightly wounded.
The death yak gores you!!
You die...
Kikubaaqudgha rasps: "You have failed me!
Welcome... oblivion!"

#....#.# ##(<.##
##....## #....#.#
##+## #......#
#.#.##.# #.# #......#
#.....<# #.# #......#
###.#### ##.##
##....## ####.#
##...## ###.## #..Y.#
#.....# #.# .Y#..# .#
##..r###########.#
.###....
....###@.............#
≈≈≈≈≈..##
#....Y.Y#############
≈≈≈4≈≈## ##.###Y##
≈...4≈# #.# .4...≈≈≈
#r# ##4##.≈≈ ..#####.#
#5Y[#..≈ #..>....#
.$8?...≈ ##..##..###
#.........#


You could see 3 death yaks, a hell rat and a rat.

Vanquished Creatures
  A troll (D:6)
  5 yaks (D:8)
  2 necrophages (D:6)
  A black bear (D:6)
  5 ogres
  3 phantoms
  2 centaurs (D:7)
  Blork the orc (D:5)
  A kobold brigand (D:6)
  3 scorpions
  A wyvern skeleton (D:7)
  A gnoll sergeant (D:7)
  A water moccasin skeleton (D:6)
  A howler monkey (D:7)
  A bullfrog zombie (D:5)
  A jelly (D:6)
  An orc priest (D:5)
  3 hounds
  3 centaur skeletons
  3 iguanas
  4 orc wizards
  A killer bee zombie (D:6)
  A hound skeleton (D:4)
  5 gnolls (D:7)
  A howler monkey zombie (D:6)
  5 adders
  2 shadow imps (D:5)
  2 white imps (D:7)
  7 ufetubi
  2 worms
  A dart slug (D:4)
  26 orcs
  6 ball pythons
  2 bats (D:3)
  5 endoplasms
  A giant cockroach (D:2)
  3 goblins
  8 hobgoblins
  3 jackals (D:3)
  4 quokkas
  2 frilled lizards
  15 kobolds
  4 rats
150 creatures vanquished.

Vanquished Creatures (collateral kills)
  An orc (D:7)
1 creature vanquished.

Vanquished Creatures (others)
  488 foxfires
488 creatures vanquished.

Grand Total: 639 creatures vanquished

Notes
Turn   | Place    | Note
-------+----------+-------------------------------------------
     0 | D:1      | funkygono the Gargoyle Fire Elementalist began the quest
                  | for the Orb.
     0 | D:1      | Reached XP level 1. HP: 10/10 MP: 3/3
   564 | D:1      | Reached XP level 2. HP: 15/15 MP: 3/5
   567 | D:1      | Learned a level 2 spell: Scorch
  1825 | D:2      | Reached XP level 3. HP: 19/19 MP: 1/6
  1961 | D:2      | Found an ancient bone altar of Kikubaaqudgha.
  2041 | D:2      | Found a faded altar of an unknown god.
  2341 | D:2      | Became a worshipper of Kikubaaqudgha
  2718 | D:3      | Reached XP level 4. HP: 24/24 MP: 1/7
  2780 | D:3      | Learned a level 1 spell: Sandblast
  2978 | D:3      | Reached * piety under Kikubaaqudgha
  2978 | D:3      | Received a gift from Kikubaaqudgha
  2984 | D:3      | Learned a level 1 spell: Animate Skeleton
  3238 | D:3      | Learned a level 1 spell: Pain
  3475 | D:4      | Reached XP level 5. HP: 28/28 MP: 4/9
  3518 | D:4      | Found a staircase to the Ecumenical Temple.
  3665 | D:4      | Reached skill level 1 in Earth Magic
  3823 | D:4      | Noticed an ogre
  3829 | D:4      | Killed an ogre
  3830 | D:4      | Reached XP level 6. HP: 32/32 MP: 6/10
  3991 | D:4      | Upgraded the game from 0.28-a0-863-g8cecda6153 to
                  | 0.28-a0-883-gc8d7bad45d
  3996 | D:4      | Reached skill level 1 in Necromancy
  4526 | D:4      | Learned a level 4 spell: Flame Wave
  4554 | D:5      | Entered Level 5 of the Dungeon
  4566 | D:5      | Reached XP level 7. HP: 36/36 MP: 7/12
  4639 | D:5      | Reached ** piety under Kikubaaqudgha
  4640 | D:5      | Reached skill level 5 in Fire Magic
  4683 | D:5      | Reached skill level 1 in Maces & Flails
  4779 | D:5      | Noticed Blork the orc
  4786 | D:5      | Killed Blork the orc
  4885 | D:5      | Identified the +5 pair of gloves of Anaesthesia {-Cast Fly
                  | rF- Str+8}
  5132 | D:5      | Found a transporter.
  5144 | D:5      | Noticed VictorG's ghost (novice TeSu)
  5372 | D:5      | Found a transporter.
  5566 | D:5      | Reached XP level 8. HP: 41/41 MP: 7/14
  6145 | D:5      | Found a sparkling altar of Nemelex Xobeh.
  6365 | D:6      | Found a runed translucent door.
  6366 | D:6      | Reached skill level 5 in Spellcasting
  6846 | D:6      | Found an ancient bone altar of Kikubaaqudgha.
  6849 | D:6      | Found a blossoming altar of Fedhas.
  6949 | D:6      | Noticed a troll
  6972 | D:6      | Killed a troll
  7159 | D:6      | Reached XP level 9. HP: 46/46 MP: 13/18
  7228 | D:6      | Found a hazy altar of Hepliaklqana.
  7449 | D:6      | Found a basalt altar of Yredelemnul.
  7635 | D:6      | Found a snail-covered altar of Cheibriados.
  8027 | D:7      | Reached skill level 5 in Conjurations
  8707 | D:8      | Noticed an ice devil
  8708 | D:8      | Noticed an ice devil
  8712 | D:8      | Noticed an ice devil
  8712 | D:8      | Noticed an ice devil
  8712 | D:8      | Noticed an ice devil
  8713 | D:8      | Noticed an ice statue
  8716 | D:8      | Noticed an ice devil
  8721 | D:8      | Reached *** piety under Kikubaaqudgha
  8721 | D:8      | Received a gift from Kikubaaqudgha
  8895 | D:8      | Reached XP level 10. HP: 45/51 MP: 7/21
  9045 | D:8      | Noticed a death yak
  9049 | D:8      | Noticed a death yak
  9058 | D:8      | Noticed a death yak
  9069 | D:8      | Mangled by a death yak

Illustrated notes

Levels and vault maps discovered:
D:1:      matt_arrival_spirals, layout_loops_ring
D:2:      minmay_kobold_bridge, layout_basic, basic_altar,
          shapermc_ecumenical_altar_ellora
D:3:      layout_basic
D:4:      layout_loops_ring, minmay_temple_entry_tees, minmay_misc_feat_plants,
          patterned_corridor
D:5:      layout_layer_cave, lemuel_coloured_pillars_altar,
          gammafunk_ghost_stat_death, uniq_blork_the_orc
D:6:      layout_gridville, grunt_temple_overflow_growth_and_decay,
          dk_yredelemnul_ordeal, cheibrodos_worm_habitat,
          nicolae_hepliaklqana_hippocampus, minmay_small_thing
D:7:      layout_basic
D:8:      cheibrodos_frozen_isle, layout_loops_corners,
          mainiacjoe_overflow_catwalk, dpeg_lair_monsters, enter_ossuary_2

Skill      XL: |  1  2  3  4  5  6  7  8  9 |
---------------+----------------------------+-----
Fire Magic     | 4 5 6 7 |  7.5
Conjurations   | 2 3 4 5 |  5.7
Spellcasting   | 3 4 6 7 |  7.7
Earth Magic    | 1 2 |  2.3
Necromancy     | 1 2 3 4 |  4.2
Dodging        | 2 |  2.3
Maces & Flails | 1 |  1.5
Stealth        | 3 |  3.3
Fighting       | |  0.4

Action                   |  1- 3 |  4- 6 |  7- 9 | 10-12 || total
-------------------------+-------+-------+-------+-------++-------
Melee: Unarmed           |    14 |       |       |       ||    14
       Club              |     8 |       |       |       ||     8
       Flail             |     7 |    16 |       |       ||    23
       Mace              |       |     5 |    24 |     1 ||    30
 Cast: Foxfire           |    71 |    62 |   159 |     4 ||   296
       Scorch            |     3 |     7 |    31 |     1 ||    42
       Animate Skeleton  |       |     2 |    18 |       ||    20
       Pain              |       |     5 |    13 |       ||    18
       Sandblast         |       |       |     2 |     2 ||     4
       Flame Wave        |       |       |     3 |     1 ||     4
Invok: Receive Corpses   |       |       |     2 |       ||     2
  Use: Scroll            |       |     5 |     8 |       ||    13
Armor: Robe              |    10 |    15 |    14 |     1 ||    40
Dodge: Dodged            |    23 |    23 |    65 |    11 ||   122

Table legend: (Time is in decaauts)
 A = Elapsed time spent in this place.
 B = Non-inter-level travel time spent in this place.
 C = Inter-level travel time spent in this place.
 D = Time resting spent in this place.
 E = Time spent auto-exploring this place.
 F = Levels seen in this place.
 G = Mean time per level.
                   A        B        C        D        E       F      G
               +--------+--------+--------+--------+--------+-----+--------+
         Total |   9097 |   8838 |    259 |    311 |   7268 |   8 | 1137.1 |
       Dungeon |   9097 |   8838 |    259 |    311 |   7268 |   8 | 1137.1 |
               +--------+--------+--------+--------+--------+-----+--------+

Top non-repeatable levels by time:
     D:5: 1811 daAuts
     D:6: 1400 daAuts
     D:4: 1264 daAuts
     D:1: 1244 daAuts
     D:2: 1119 daAuts
     D:7: 1052 daAuts
     D:3: 936 daAuts
     D:8: 269 daAuts
